 Dungeon Crawl Stone Soup version 0.26-a0-835-g8259106e14 (webtiles) character file.

Game seed: 16853156954539524981

508 robertstho the Magician (level 6, 0/32 HPs)
             Began as a Deep Elf Fire Elementalist on Nov 17, 2020.
             Slain by an orc wizard
             ... wielding a +1 dagger of freezing
              (2 damage)
             ... on level 4 of the Dungeon.
             The game lasted 00:06:41 (3354 turns).

robertstho the Magician (DEFE)                      Turns: 3354, Time: 00:06:42

Health: 0/32       AC:  2    Str:  4 (5)  XL:     6   Next: 98%
Magic:  10/17      EV: 12    Int: 21 (22) God:
Gold:   167        SH:  0    Dex: 12 (15) Spells: 5/18 levels left

rFire    . . .     SeeInvis .   b - +3 dagger (venom)
rCold    . . .     Faith    .   (no shield)
rNeg     . . .     Spirit   .   a - +0 robe
rPois    .         Reflect  .   v - +0 helmet
rElec    .         Harm     .   (no cloak)
rCorr    .         Rampage  .   (no gloves)
MR       .....                  (no boots)
Stlth    +++.......             (no amulet)
HPRegen  0.10/turn              r - ring of stealth
MPRegen  0.15/turn              (no ring)

@: attractive, very slightly contaminated
A: claws 1, deformed body
a: no special abilities


You were on level 4 of the Dungeon.
You visited 1 branch of the dungeon, and saw 5 of its levels.

You collected 167 gold pieces.

Inventory:

Hand Weapons
 b - a +3 dagger of venom (weapon)
 d - a +0 halberd
 q - a +4 morningstar
Missiles
 c - 28 poisoned darts (quivered)
 h - a throwing net
 i - 8 javelins
Armour
 a - a +0 robe (worn)
 v - a +0 helmet (worn)
Jewellery
 r - a ring of stealth (left claw)
Scrolls
 e - a scroll of teleportation {unknown}
 f - 2 scrolls of fear {unknown}
 g - 2 scrolls of amnesia {unknown}
 k - a scroll of blinking {unknown}
 l - 2 scrolls of enchant weapon {unknown}
 m - a scroll of magic mapping
 n - a scroll of identify {unknown}
 t - a scroll of noise {unknown}
 u - a scroll of remove curse {unknown}


   Skills:
 + Level 2.5 Dodging
 + Level 3.1 Stealth
 * Level 6.7 Spellcasting
 + Level 2.3 Conjurations
 * Level 6.4 Fire Magic


You had 5 spell levels left.
You knew the following spells:

 Your Spells              Type           Power        Failure   Level
a - Foxfire               Conj/Fire      ####         1%          1
b - Conjure Flame         Conj/Fire      ####....     4%          3
c - Sticky Flame          Conj/Fire      ####....     16%         4
d - Fireball              Conj/Fire      ####......   38%         5

Your spell library contained the following spells:

 Spells                   Type           Power        Failure   Level
 Inner Flame              Hex/Fire       ###.....     8%          3


Dungeon Overview and Level Annotations

Branches:
Dungeon (5/15)
 Temple: D:4-7

Altars:
Nemelex Xobeh
Uskayaw
Vehumet
Xom

Annotations:
D:4 1 runed translucent door, Crazy Yiuf


Innate Abilities, Weirdness & Mutations

You have sharp fingernails.
Armour fits poorly on your strangely shaped body.


Message History

Casting: Foxfire (safe; 1% risk of failure)
Confirm with . or Enter, or press ? or * to list all spells.
The spell is extremely dangerous to cast (16% risk of failure)!
Continue anyway?
Aiming: Sticky Flame (extremely dangerous; 16% risk of failure)
Press: ? - help, Shift-Dir - straight line, f - orc priest
Aim: an orc priest, wielding a +0 flail (heavily wounded)
You miscast Sticky Flame.
You are very lightly contaminated with residual magic.
You are blasted with searing flames!
* * * LOW HITPOINT WARNING * * *
Something hits you.
* * * LOW HITPOINT WARNING * * *
Something freezes you.
* * * LOW HITPOINT WARNING * * *
The orc priest closely misses you.
You aren't carrying any potions.
As you read the scroll labelled YSUSECZ JUIN, it crumbles to dust.
You feel aware of your surroundings.
You sensed 1 altar.
It was a scroll of magic mapping.
Something hits you.
You die...

********* #######
*,,,,,,,**#################......
*,,,,,,,*,.............#..'......
*,,,,,,,*,.............'..#......
*,,,,,,,***#####..##...#..#......
******,,,,,***##..##..##..#......
*,,,,,*,,#.@o##..##..#......
*,,,,,+,,###{###.##..#......
*,,,,,*,,*,,...#.##..#......
******,,,,,****,⌠.⌠.#.##..#......
*,,,,,,,>,,,,,+,,_..+.##..#......
*,,,,,,,,,,,,,*,⌠.⌠.#.....#......
*,,,,,,,,,,,,,*,,...#.#**+#......
*,,,,,,,,,,,,,***+###,**,,#......
*,,,,,,,,,,,,,,*,,**+***,,#......


You could see an orc priest.

Vanquished Creatures
  A sky beast (D:5)
  A scorpion (D:2)
  A jelly (D:5)
  An orc priest (D:5)
  A hound (D:5)
  3 orc wizards
  A worker ant zombie (D:5)
  4 adders
  4 gnolls
  A white imp (D:5)
  An ufetubus (D:5)
  3 oozes
  A worm (D:2)
  11 orcs
  6 bats
  4 giant cockroaches
  12 goblins
  8 hobgoblins
  4 jackals (D:5)
  A ball python (D:1)
  7 frilled lizards
  5 kobolds
  7 rats
88 creatures vanquished.

Vanquished Creatures (others)
  306 foxfires
306 creatures vanquished.

Grand Total: 394 creatures vanquished

Notes
Turn   | Place    | Note
-------+----------+-------------------------------------------
     0 | D:1      | robertstho the Deep Elf Fire Elementalist began the quest
                  | for the Orb.
     0 | D:1      | Reached XP level 1. HP: 10/10 MP: 6/6
    94 | D:1      | Reached XP level 2. HP: 15/15 MP: 2/8
   331 | D:1      | Reached XP level 3. HP: 19/19 MP: 7/10
   516 | D:1      | Learned a level 3 spell: Conjure Flame
   854 | D:2      | Noticed a scorpion
   860 | D:2      | Killed a scorpion
   861 | D:2      | Reached XP level 4. HP: 24/24 MP: 4/12
   951 | D:2      | Reached skill level 5 in Fire Magic
  1124 | D:2      | Reached XP level 5. HP: 28/28 MP: 10/14
  1283 | D:2      | Found a radiant altar of Vehumet.
  1955 | D:3      | You fall into a shaft and drop 2 floors!
  1955 | D:5      | Entered Level 5 of the Dungeon
  1961 | D:5      | Reached skill level 5 in Spellcasting
  1966 | D:5      | Learned a level 4 spell: Sticky Flame
  1972 | D:5      | Learned a level 5 spell: Fireball
  1980 | D:5      | Noticed a sky beast
  1985 | D:5      | Killed a sky beast
  1986 | D:5      | Reached XP level 6. HP: 32/32 MP: 10/17
  2341 | D:5      | Found a shimmering altar of Xom.
  3253 | D:4      | Found a sparkling altar of Nemelex Xobeh.
  3273 | D:4      | Found a runed translucent door.
  3274 | D:4      | Noticed Crazy Yiuf
  3339 | D:4      | Found a hide-covered altar of Uskayaw.
  3349 | D:4      | Gained mutation: Armour fits poorly on your strangely
                  | shaped body. [potion of mutation]
  3349 | D:4      | Gained mutation: You have sharp fingernails. [potion of
                  | mutation]
  3354 | D:4      | Slain by an orc wizard

Illustrated notes

Levels and vault maps discovered:
D:1:      wheals_arrival_shading, layout_rooms
D:2:      layout_rooms, vehumet_crystals
D:3:      layout_basic, grunt_gozag_breadcrumbs
D:4:      layout_gridville, kennysheep_little_box, kennysheep_mini,
          minmay_fountain_box, nemelex_diamond_rough_becter,
          uniq_crazy_yiuf_cottage
D:5:      layout_basic, general_overflow_altar, minivault_1

Skill      XL: |  1  2  3  4  5  6 |
---------------+-------------------+-----
Fire Magic     | 4 5 6 |  6.4
Spellcasting   | 4 6 |  6.7
Stealth        | 3 |  3.1
Conjurations   | 2 |  2.3
Dodging        | |  2.5

Action                   |  1- 3 |  4- 6 || total
-------------------------+-------+-------++-------
Melee: Halberd           |     2 |     2 ||     4
       Dagger            |       |     5 ||     5
 Cast: Foxfire           |    55 |   126 ||   181
  Use: Potion            |       |     5 ||     5
       Scroll            |       |     1 ||     1
Armor: Robe              |     1 |     1 ||     2
Dodge: Dodged            |     3 |    14 ||    17

Table legend: (Time is in decaauts)
 A = Elapsed time spent in this place.
 B = Non-inter-level travel time spent in this place.
 C = Inter-level travel time spent in this place.
 D = Time resting spent in this place.
 E = Time spent auto-exploring this place.
 F = Levels seen in this place.
 G = Mean time per level.
                   A        B        C        D        E       F      G
               +--------+--------+--------+--------+--------+-----+--------+
         Total |   3352 |   3281 |     71 |      0 |   2772 |   5 |  670.4 |
       Dungeon |   3352 |   3281 |     71 |      0 |   2772 |   5 |  670.4 |
               +--------+--------+--------+--------+--------+-----+--------+

Top non-repeatable levels by time:
     D:5: 1239 daAuts
     D:1: 821 daAuts
     D:2: 650 daAuts
     D:3: 483 daAuts
     D:4: 157 daAuts
